 Dungeon Crawl Stone Soup version 0.31.0-9-g3a7656b989 (webtiles) character file.

Game seed: 5823956280343752572

67 qw the Shooter (level 4, 0/25 HPs)
             Began as a Deep Elf Hunter on Feb 2, 2024.
             Killed by divine providence
             ... invoked by an orc priest
              (13 damage)
             ... on level 3 of the Dungeon.
             The game lasted 00:00:04 (1248 turns).

qw the Shooter (Deep Elf Hunter)                    Turns: 1248, Time: 00:00:05

Health: 0/25       AC:  7    Str: 10    XL:     4   Next: 0%
Magic:  6/6        EV: 12    Int: 14    God:
Gold:   220        SH:  0    Dex: 18    Spells: 3/3 levels left

rFire   . . .        a - +0 shortbow
rCold   . . .        (shield currently unavailable)
rNeg    . . .        c - +0 leather armour
rPois   .            (no helmet)
rElec   .            (no cloak)
rCorr   .            (no gloves)
SInv    .            (no boots)
Will    .....        (no amulet)
Stlth   ++           e - +4 ring of protection
HPRegen 0.24/turn    (no ring)
MPRegen 0.10/turn

%: no passive effects
@: no status effects
A: no striking features
a: no special abilities


You were on level 3 of the Dungeon.
You visited 1 branch of the dungeon, and saw 3 of its levels.

You collected 220 gold pieces.


   Skills:
 - Level 1.5 Fighting
 + Level 7.4 Ranged Weapons
 - Level 2.4 Dodging
 - Level 1.2 Stealth


You had 3 spell levels left.
You didn't know any spells.
Your spell library was empty.

Inventory:

Hand Weapons
 a - a +0 shortbow (weapon)
Armour
 c - a +0 leather armour (worn)
 g - a +0 pair of gloves
Jewellery
 e - a +4 ring of protection (left hand)
 f - a ring of ice
Scrolls
 b - 4 scrolls of teleportation
Potions
 d - 2 potions of enlightenment
 h - 2 potions of ambrosia {unknown}
 i - 2 potions of curing

Dungeon Overview and Level Annotations

Branches:
Dungeon (3/15)

Altars:


Message History

You shoot an arrow. The arrow hits the kobold.
You kill the kobold!
h - 2 white potions You now have 220 gold pieces (gained 12).
Things that are here:
a +0 short sword; 4 stones; a kobold corpse A hobgoblin comes into view.
You shoot an arrow.
The arrow hits the hobgoblin but does no damage.
The hobgoblin shouts!
You hear a shout! x4
An orc wizard comes into view. It is wielding a +0 dagger.
You shoot an arrow. The arrow closely misses the hobgoblin.
You shoot an arrow. The arrow hits the hobgoblin.
The hobgoblin is almost dead.
An orc priest comes into view. It is wielding a +0 dagger.
You shoot an arrow. The arrow barely misses the hobgoblin.
The hobgoblin hits you but does no damage.
You shoot an arrow. The arrow hits the hobgoblin!
You kill the hobgoblin!
You have reached level 4!
You feel clever.
You shoot an arrow. The arrow barely misses the orc wizard.
The orc priest invokes the aid of Beogh against you.
Beogh smites you!
You shoot an arrow. The arrow hits the orc wizard.
The orc wizard is moderately wounded.
You shoot an arrow.
The arrow hits the orc wizard but does no damage.
The orc wizard is moderately wounded.
The orc wizard casts a spell at you. The magic dart hits you.
You shoot an arrow. The arrow hits the orc wizard.
The orc wizard is severely wounded.
The orc wizard hits you but does no damage.
You shoot an arrow. The arrow hits the orc wizard!
You kill the orc wizard!
The orc priest invokes the aid of Beogh against you.
Beogh smites you!
Ouch! That really hurt!
You die...

#.# ##.#
#.# #.#
#.# #.#
#.# #.#
#.# #.#
#.####.##
#.....).#
######..#
#@.#
.....o)..#
########.#
#.# #.#
#.# .# .#


You could see an orc priest.

Vanquished Creatures
  An orc wizard (D:3)
  A gnoll (D:1)
  An adder (D:2)
  2 ribbon worms
  11 bats
  8 endoplasms
  A giant cockroach (D:2)
  3 goblins
  5 hobgoblins
  3 kobolds
  4 ball pythons
  3 frilled lizards (D:1)
  3 rats
46 creatures vanquished.

Notes
Turn   | Place    | Note
-------+----------+-------------------------------------------
     0 | D:1      | qw the Deep Elf Hunter began the quest for the Orb.
     0 | D:1      | Reached XP level 1. HP: 12/12 MP: 3/3
     0 | D:1      | 0 ||| qw: Version: 0.3-a-155-g5e7d8dd
     0 | D:1      | 0 ||| qw: Game counter: 253
     0 | D:1      | 0 ||| qw: Melee chars always use a shield: true
     0 | D:1      | 0 ||| qw: God list: Okawaru
     0 | D:1      | 0 ||| qw: Allow faded altars: false
     0 | D:1      | 0 ||| qw: Do Orc after clearing Dungeon:15 true
     0 | D:1      | 0 ||| qw: Do second Lair branch before Depths: true
     0 | D:1      | 0 ||| qw: Lair rune preference: random
     0 | D:1      | 0 ||| qw: Goals: Normal
     0 | D:1      | 0 ||| PLANNING D:1-11
   106 | D:1      | Reached XP level 2. HP: 16/16 MP: 4/4
   115 | D:1      | Reached skill level 6 in Ranged Weapons
   312 | D:1      | Reached XP level 3. HP: 20/20 MP: 5/5
   498 | D:1      | Found a faded altar of an unknown god.
   501 | D:1      | 501 ||| READING scroll labelled FATAOXZENNI.
   502 | D:1      | 502 ||| READING scroll labelled KUEDEHUNLU.
   502 | D:1      | 502 ||| IDENTIFYING bubbling coppery potion
   503 | D:1      | 503 ||| READING scroll labelled TABIMO JUREF.
   504 | D:1      | 504 ||| DRINKING 2 cyan potions.
   505 | D:1      | 505 ||| DROPPING scroll of butterflies.
   592 | D:2      | Reached skill level 7 in Ranged Weapons
  1196 | D:2      | 1196 ||| UPGRADING to +4 ring of protection.
  1197 | D:2      | 1197 ||| READING scroll of identify.
  1197 | D:2      | 1197 ||| IDENTIFYING 4 scrolls labelled REBRAE DIPONYUL
  1244 | D:3      | Reached XP level 4. HP: 25/25 MP: 6/6
  1248 | D:3      | Killed from afar by an orc priest

Levels and vault maps discovered:
D:1:      dpeg_arrival_short_road, layout_rooms,
          hellmonk_ecumenical_altar_inner_sanctum, interstate_on_off,
          minmay_misc_feat_enclosed, nicolae_wormholes
D:2:      layout_basic
D:3:      layout_loops_ring

Skill      XL: |  1  2  3 |
---------------+----------+-----
Ranged Weapons | 6 7 |  7.4
Fighting       | |  1.5
Dodging        | |  2.4
Stealth        | |  1.2

Action                     |  1- 3 |  4- 6 || total
---------------------------+-------+-------++-------
   Fire: Shortbow          |   120 |     5 ||   125
    Use: Scroll            |     4 |       ||     4
         Potion            |     1 |       ||     1
 Armour: Leather armour    |    15 |     2 ||    17
  Dodge: Dodged            |    21 |       ||    21

Table legend:
 A = Non-vault XP
 B = Vault XP
 C = Vault XP percentage of total XP
 D = Non-vault monster count
 E = Vault monster count
 F = Vault count percentage of total count
                 A         B        C        D         E       F
            +---------+---------+-------+---------+---------+-------
      Total |     130 |       4 |   3.0 |      45 |       1 |   2.2
            +---------+---------+-------+---------+---------+-------
        D:1 |      44 |       4 |   8.3 |      23 |       1 |   4.2
        D:2 |      46 |       0 |   0.0 |      19 |       0 |   0.0
        D:3 |      40 |       0 |   0.0 |       3 |       0 |   0.0
            +---------+---------+-------+---------+---------+-------
